Map: [ESL] Gresvan

Players

Maru

  • Race: Terran Terran
  • Spawn Location: 11:00

Oliveira - Winner!

  • Race: Terran Terran
  • Spawn Location: 5:00

Event: IEM Katowice 2023

VOD

https://youtu.be/TIAcACrBxJ4?t=513

Description

Time

  • Played on: Feb. 12, 2023, 1:15 p.m.
  • Length: 6:29

All games in this series

Show
View Real Time Build Order
Export as new Build Order

Maru Terran 

Build Orders:  

Get SALT Encoding   

  12  0:00  SCV  
  13  0:15  Supply Depot  
  13  0:17  SCV  
  14  0:37  Barracks  
  14  0:41  Refinery  
  14  0:53  Barracks  
  14  0:58  SCV  
  15  1:10  SCV  
  16  1:24  Orbital Command  
  16  1:25  Reaper  
  17  1:31  Refinery  
  17  1:42  Reaper  
  18  1:49  SCV  
  19  1:54  Supply Depot  
  19  1:59  Reaper  
  20  2:02  SCV  
  21  2:14  SCV  
  21  2:15  Reaper  
  23  2:26  SCV  
  23  2:28  Factory  
  24  2:38  SCV  
  25  2:45  Reaper  
  25  2:49  Reaper  
  25  2:50  SCV  
  28  2:55  Supply Depot  
  28  3:03  SCV  
  29  3:13  Hellion  
  29  3:17  SCV, Reaper  
  33  3:21  Reaper  
  33  3:28  Command Center  
  33  3:32  SCV  
  34  3:35  Factory Tech Lab  
  34  3:42  Starport  
  34  3:44  SCV  
  35  3:54  Cyclone  
  38  3:56  SCV  
  38  3:58  Supply Depot  
  39  4:09  SCV  
  38  4:21  Medivac  
  38  4:22  SCV  
  41  4:28  Cyclone  
  44  4:33  Supply Depot  
  44  4:34  SCV  
  45  4:41  Orbital Command  
  45  4:46  SCV  
  45  4:51  Starport Tech Lab  
  46  4:57  Command Center  
  46  4:58  SCV  
  47  5:03  Siege Tank  
  50  5:09  SCV  
  50  5:11  SCV  
  50  5:13  Banshee  
  56  5:23  SCV  
  56  5:24  Marine  
  57  5:33  Orbital Command  
  53  5:36  SCV  
  53  5:42  Marine  
  47  5:48  SCV  
  38  5:59  SCV  
  38  6:00  SCV  
  37  6:11  SCV  
Show
View Real Time Build Order
Export as new Build Order

Oliveira Terran - Winner!

Build Orders:  

Get SALT Encoding   

  12  0:00  SCV  
  13  0:12  SCV  
  14  0:17  Supply Depot  
  14  0:25  SCV  
  15  0:38  SCV  
  15  0:39  Barracks  
  16  0:43  Refinery  
  16  0:50  SCV  
  16  0:55  Refinery  
  17  1:03  SCV  
  18  1:15  SCV  
  19  1:26  Barracks Reactor  
  19  1:27  Orbital Command  
  19  1:28  Supply Depot  
  19  1:42  Factory  
  19  1:52  SCV  
  20  2:02  Reaper  
  20  2:04  SCV  
  20  2:06  Reaper  
  23  2:16  SCV  
  23  2:21  Command Center  
  24  2:27  Hellion  
  24  2:29  SCV  
  25  2:36  Reaper  
  23  2:44  Reaper  
  23  2:45  SCV  
  24  2:53  Hellion  
  24  2:57  SCV  
  27  3:01  Supply Depot  
  27  3:09  Reaper  
  27  3:10  SCV  
  28  3:14  Hellion  
  28  3:19  Reaper  
  30  3:31  SCV  
  31  3:42  Starport  
  31  3:43  Hellion  
  31  3:45  SCV  
  34  3:49  Orbital Command  
  34  3:55  Marine x2  
  36  3:58  SCV  
  37  4:07  Factory Tech Lab  
  37  4:10  SCV  
  38  4:17  SCV  
  38  4:18  Marine x2  
  38  4:22  SCV  
  42  4:26  Siege Tank  
  45  4:31  Medivac  
  45  4:34  SCV  
  45  4:37  Supply Depot  
  48  4:39  SCV  
  48  4:42  Marine  
  48  4:43  Marine  
  51  4:47  SCV  
  51  4:51  SCV  
  53  4:53  Refinery  
  53  4:58  Cyclone  
  53  4:59  SCV  
  57  5:04  Starport Tech Lab, SCV  
  57  5:05  Marine  
  59  5:11  SCV  
  59  5:12  Supply Depot  
  60  5:14  Marine  
  60  5:17  SCV  
  62  5:32  SCV  
  62  5:33  Marine x2  
  62  5:34  SCV, Raven  
  66  5:41  Siege Tank  
  58  5:49  SCV  
  50  5:51  Marine x2  
  50  5:52  SCV  
  50  6:01  SCV  
  51  6:04  SCV  
  51  6:09  Marine x2  
  54  6:13  SCV  
  54  6:17  SCV  

Tags
 
Add a new tag
Caveats
  • Supply blocks, unpowered buildings, or Contaminate may cause inaccurate times.
  • Supply counts are checked every 10 seconds.